 Dungeon Crawl Stone Soup version 0.18-a0-49-gd105b5a (webtiles) character file.

276 Duffy the Bolt Thrower (level 6, -8/44 HPs)
             Began as a Formicid Hunter on Nov 6, 2015.
             Was an Initiate of Makhleb.
             Killed by divine providence
             ... invoked by an orc priest
              (15 damage)
             ... on level 3 of the Dungeon.
             The game lasted 00:04:37 (3281 turns).

Duffy the Bolt Thrower (Formicid Hunter)            Turns: 3281, Time: 00:04:37

Health: -8/44      AC:  5    Str: 17    XL:     6   Next: 50%
Magic:  6/6        EV:  9    Int: 10    God:    Makhleb [......]
Gold:   135        SH:  9    Dex: 13    Spells: 0 memorised, 5 levels left

rFire  . . .     SeeInvis +     a - +1 hand crossbow
rCold  . . .     Clarity  .     z - +0 ring mail
rNeg   . . .     SustAt   .     l - +0 shield
rPois  .         Gourm    .     (helmet unavailable)
rElec  .         Spirit   .     (no cloak)
rCorr  .         Warding  .     (no gloves)
rMut   .         Stasis   +     (no boots)
MR     .....                    (no amulet)
Stlth  +.........               (no ring)
                                (no ring)

@: not resistant to hostile enchantments, very unstealthy
A: permanent stasis, dig shafts and tunnels, four strong arms, antennae 3
a: Dig, Shaft Self, Renounce Religion


You were on level 3 of the Dungeon.
You worshipped Makhleb.
Makhleb was noncommittal.
You were not hungry.

You visited 1 branch of the dungeon, and saw 3 of its levels.

You collected 135 gold pieces.


Innate Abilities, Weirdness & Mutations

You are under a permanent stasis effect.
You can dig through walls and to a lower floor.
Your four strong arms can wield two-handed weapons with a shield.
You have a pair of large antennae on your head (SInv).


   Skills:
 - Level 2.1 Fighting
 - Level 6.5 Crossbows
 - Level 1.7 Dodging
 - Level 1.2 Stealth
 + Level 3.7 Shields


You had 5 spell levels left.
You didn't know any spells.

Inventory:

Hand Weapons
 a - a +1 hand crossbow (weapon)
 b - a +0 short sword
 B - a +0 war axe
Missiles
 c - 28 bolts (quivered)
 u - 5 poisoned needles
Armour
 d - a +0 leather armour
 l - a +0 shield (worn)
 z - a +0 ring mail (worn)
Wands
 g - a wand of fireball (7)
 p - a wand of flame (17)
 q - a wand of teleportation (4)
Scrolls
 i - a scroll of enchant armour {unknown}
 j - a scroll of amnesia {unknown}
 r - 2 scrolls of random uselessness {unknown}
 v - a scroll of immolation {unknown}
 x - a scroll of noise {unknown}
 y - a scroll of fear {unknown}
 A - a scroll of teleportation {unknown}
Potions
 f - 2 potions of invisibility
 h - a potion of cancellation
 m - 3 potions of might
 o - a potion of heal wounds
 w - a potion of curing
Comestibles
 e - 5 bread rations
 k - 2 meat rations
 n - a chunk of flesh
 s - 2 fruits
 t - a slice of pizza

Dungeon Overview and Level Annotations

Branches:
Dungeon (3/15)

Altars:
Makhleb
Trog
The Shining One


Message History

You block the orc's attack.
You hit the orc but do no damage.
The orc is lightly wounded.
You block the orc's attack.
You hit the orc.
The orc is moderately wounded.
The orc hits you but does no damage.
You hit the orc but do no damage.
The orc is lightly wounded.
You block the orc's attack.
You hit the orc.
You kill the orc!
Makhleb accepts your kill.
You hit the orc priest.
The orc priest is lightly wounded.
The orc priest invokes the aid of Beogh against you.
Something smites you!
You hear a shout!
You are too injured to fight recklessly!
a - a +1 hand crossbow (weapon)
The orc priest invokes the aid of Beogh against you.
Something smites you!
Firing (i - inventory):
c - 30 bolts (quivered)
Press: ? - help, Shift-Dir - straight line, f - orc priest
Aim: an orc priest (lightly wounded)
You shoot a bolt. The bolt closely misses the orc priest.
The orc priest hits you but does no damage.
Firing (i - inventory):
c - 29 bolts (quivered)
Press: ? - help, Shift-Dir - straight line, f/p - orc priest
Aim: an orc priest (lightly wounded)
You shoot a bolt. The bolt hits the orc priest.
The orc priest is heavily wounded.
The orc priest mumbles some strange prayers to Beogh against you.
Something smites you!
You die...

#.#.###.#####.#
##.#.# #.# #.#
...#.###.# #.#
.........# #(#
.###.##### #(#
.# #.# #.# .#
#.# #.# .#
#.#########.###
.#
#...((.({..{#@#
.#
..#..##.####o##
.# .. #.# ###
#.# #.# #.# #.#
#o# #o.


You could see an orc priest.

Action                   |  1- 3 |  4- 6 || total
-------------------------+-------+-------++-------
Melee: Short sword       |   161 |    77 ||   238
 Fire: Hand crossbow     |     8 |    21 ||    29
 Abil: Dig               |     1 |     4 ||     5
  Use: Scroll            |     3 |     3 ||     6
 Stab: Sleeping          |     1 |     1 ||     2
  Eat: Chunk             |     3 |     5 ||     8

Notes
Turn   | Place    | Note
--------------------------------------------------------------
     0 | D:1      | Duffy the Formicid Hunter began the quest for the Orb.
     0 | D:1      | Reached XP level 1. HP: 16/16 MP: 1/1
   136 | D:1      | Reached XP level 2. HP: 22/22 MP: 2/2
   575 | D:1      | Reached skill level 1 in Shields
  1007 | D:1      | Reached XP level 3. HP: 25/27 MP: 3/3
  1324 | D:1      | Reached skill level 2 in Shields
  2194 | D:2      | Reached XP level 4. HP: 29/33 MP: 4/4
  2289 | D:2      | Reached skill level 3 in Shields
  2435 | D:2      | Found a bloodstained altar of Trog.
  2542 | D:2      | Found a glowing golden altar of the Shining One.
  2886 | D:3      | Found a burning altar of Makhleb.
  2898 | D:3      | Became a worshipper of Makhleb the Destroyer
  3229 | D:3      | Noticed Grinder
  3245 | D:3      | Killed Grinder
  3245 | D:3      | Reached skill level 6 in Crossbows
  3245 | D:3      | Reached XP level 5. HP: 38/38 MP: 5/5
  3245 | D:3      | Reached XP level 6. HP: 44/44 MP: 6/6
  3281 | D:3      | Killed from afar by an orc priest

Vault maps used:
D:1:      shiori_arrival_maze, st_stairs_10, minmay_misc_feat_secret_circle
D:2:      tso_oasis_becter, bloody_trog
D:3:      nicolae_overflow_hidden_temple, minmay_stone_trees_small, hex_tiny,
          uniq_grinder

Vanquished Creatures
  Grinder
  An adder
  A worm
  5 giant geckos
  2 orcs
  7 goblins
  4 hobgoblins
  11 jackals
  7 kobolds
  2 quokkas
  2 ball pythons
  10 bats
  4 giant newts
  3 rats
60 creatures vanquished.
